 Dungeon Crawl Stone Soup version 0.31-a0-640-g39d97e502b (webtiles) character file.

Game seed: 5635513683627628899

725 Jackthecabe the Cudgeller (level 7, -3/52 (54) HPs)
             Began as a Demonspawn Wanderer on Aug 29, 2023.
             Was an Initiate of Yredelemnul.
             Slain by a wight
             ... wielding a +4 scimitar of freezing
              (11 damage)
             ... on level 6 of the Dungeon.
             The game lasted 00:09:19 (4449 turns).

Jackthecabe the Cudgeller (Demonspawn Wanderer)     Turns: 4449, Time: 00:09:20

HP:   -3/52 (54)    AC:  8    Str: 15    XL:     7   Next: 43%
MP:   10/10         EV:  9    Int: 13    God:    Yredelemnul [......]
Gold: 299           SH:  0    Dex: 12    Spells: 7/8 levels left

rFire   . . .        o - +1 flail
rCold   . . .        (no shield)
rNeg    + . .        b - +0 scale mail
rPois   .            d - +0 helmet
rElec   .            y - +0 cloak
rCorr   .            (no gloves)
SInv    +            (no boots)
Will    .....        A - amulet "Siwko" {RegenMP rN+ Regen+ SInv} Stlth
                     (no ring)
HPRegen 1.08/turn    (no ring)
MPRegen 0.64/turn

%: no passive effects
@: weak-willed, lightly drained
A: claws 1, foul stench 2, magic regeneration
a: Renounce Religion, Recall Undead Harvest


You were on level 6 of the Dungeon.
You worshipped Yredelemnul.
Yredelemnul was noncommittal.
You visited 1 branch of the dungeon, and saw 6 of its levels.

You collected 299 gold pieces.


Innate Abilities, Weirdness & Mutations

You have sharp fingernails.
You sometimes emit foul miasma when damaged in melee.
You regenerate magic rapidly.


   Skills:
 - Level 4.0 Fighting
 - Level 6.0 Maces & Flails
 - Level 1.7 Armour
 - Level 1.0 Spellcasting
 - Level 3.0 Conjurations
 + Level 4.7 Invocations


You had 7 spell levels left.
You knew the following spells:

 Your Spells              Type           Power      Damage    Failure   Level
f - Foxfire               Conj/Fire      16%        2x1d4     52%         1

Your spell library contained the following spells:

 Spells                   Type           Power      Damage    Failure   Level
 Momentum Strike          Conj/Tloc      8%         3d8       65%         2
 Static Discharge         Conj/Air       8%         2-3/arc   65%         2
 Ensorcelled Hibernation  Hex/Ice        0%         N/A       86%         2
 Anguish                  Hex/Necr       0%         N/A       100%        4

Inventory:

Hand Weapons
 a - a +0 mace
 e - a +0 whip
 o - a +1 flail (weapon)
Armour
 b - a +0 scale mail (worn)
 d - a +0 helmet (worn)
 y - a +0 cloak (worn)
Magical Staves
 x - a staff of fire {!a}
Jewellery
 n - an amulet of the acrobat
 p - an amulet of faith {!P}
 A - the amulet "Siwko" (around neck) {RegenMP rN+ Regen+ SInv}
   (You found it on level 4 of the Dungeon)

   [amulet of magic regeneration]

   RegenMP:   It increases your rate of magic regeneration.
   rN+:       It protects you from negative energy.
   SInv:      It lets you see invisible.
   Regen+:    It increases your rate of health regeneration.
Wands
 s - a wand of paralysis (9)
 t - a wand of quicksilver (11)
 w - a wand of flame (13)
 B - a wand of iceblast (5)
Scrolls
 g - a scroll of blinking
 j - 2 scrolls of enchant weapon
 k - a scroll of revelation
 l - a scroll of vulnerability
 m - a scroll of amnesia
 q - a scroll of teleportation {@r2}
 r - a scroll of poison
 C - a scroll of butterflies
Potions
 f - a potion of ambrosia {unknown}
 h - a potion of brilliance {unknown}
 i - a potion of magic {unknown}
 u - a potion of heal wounds {unknown}
 v - 2 potions of haste {@q3}
 z - a potion of degeneration {unknown}

Dungeon Overview and Level Annotations

Branches:
Dungeon (6/15)
 Temple: D:4-7

Altars:
Gozag
Makhleb
Yredelemnul

..............≈
...............
.............#
........g....# .
.......$.....##..
......c.zz......
#........g......
##.......z.###.
###..###@..#
#........#
#....##....#
..... #......
..... ........g
.... ......#.. #
......# .
######.#


You could see a centaur, 3 wights and 3 gnolls.


Message History

The centaur is severely wounded.
The centaur barely misses you. The centaur closely misses you.
The centaur hits you but does no damage.
The centaur kicks you but does no damage.
You hit the centaur but do no damage.
The centaur is severely wounded.
The centaur barely misses you.
The centaur kicks you but does no damage.
A gnoll comes into view. It is wielding a +0 spear.
You barely miss the centaur.
The centaur is severely wounded.
The centaur hits you.
The centaur kicks you but does no damage.
The wight hits you with a +4 scimitar of freezing!
You partially resist.
You feel drained. The wight freezes you.
The centaur hits you but does no damage.
The centaur misses you.
The centaur wields a +0 orcbow.
The centaur shoots an arrow.
The arrow hits you. The wight attacks as it pursues you!
The wight hits you with a +4 scimitar of freezing!
You partially resist.
You feel drained. The wight freezes you.
The centaur shoots an arrow.
The arrow hits you!
* * * LOW HITPOINT WARNING * * *
The centaur shoots an arrow.
The arrow hits you!
* * * LOW HITPOINT WARNING * * *
There is a stone staircase leading up, spattered with blood here.
The centaur shoots an arrow.
The arrow hits you but does no damage.
The wight hits you with a +4 scimitar of freezing!
You die...
Your body rises from the dead as a mindless zombie.

Skill      XL: |  1  2  3  4  5  6  7 |
---------------+----------------------+-----
Maces & Flails | 2 3 4 5 6 |  6.0
Fighting       | 4 |  4.0
Invocations    | 4 |  4.7
Armour         | |  1.7
Spellcasting   | |  1.0
Conjurations   | |  3.0

Action                     |  1- 3 |  4- 6 |  7- 9 || total
---------------------------+-------+-------+-------++-------
  Melee: Mace              |   155 |    47 |       ||   202
         Punch             |     2 |     1 |       ||     3
         Flail             |       |   132 |    26 ||   158
   Cast: Foxfire           |     2 |     1 |       ||     3
  Evoke: Wand              |       |     5 |       ||     5
    Use: Potion            |     1 |       |       ||     1
         Scroll            |       |       |     9 ||     9
   Stab: Paralysed         |       |     9 |       ||     9
         Distracted        |       |       |     1 ||     1
 Armour: Scale mail        |    91 |    96 |    26 ||   213
         Skin              |    10 |       |       ||    10
  Dodge: Dodged            |    71 |    94 |    30 ||   195

Levels and vault maps discovered:
D:1:      kennysheep_arrival_seaside, layout_basic, st_stairs_2
D:2:      layout_rooms, basic_altar
D:3:      minmay_razor_zed, layout_basic
D:4:      layout_cave_pools, mainiacjoe_overflow_small_starburst
D:5:      layout_basic, nicolae_gozag_cash_rules_everything_around_me,
          kennysheep_small_spiral, bh_walls_and_bars
D:6:      layout_cave_pools, grunt_decor_junction

Notes
Turn   | Place    | Note
-------+----------+-------------------------------------------
     0 | D:1      | Jackthecabe the Demonspawn Wanderer began the quest for the
                  | Orb.
     0 | D:1      | Jackthecabe set off with the following items: a +0 mace, a
                  | +0 scale mail, a potion of lignification; and the following
                  | spell memorised: Foxfire; and the following spells
                  | available to memorise: Momentum Strike, Static Discharge.
     0 | D:1      | Reached XP level 1. HP: 16/16 MP: 2/2
   221 | D:1      | Gained mutation: You regenerate magic rapidly. [demonic
                  | ancestry]
   221 | D:1      | Reached XP level 2. HP: 14/22 MP: 3/3
   226 | D:1      | Reached skill level 2 in Maces & Flails
   898 | D:1      | Gained mutation: You have sharp fingernails. [demonic
                  | ancestry]
   898 | D:1      | Reached XP level 3. HP: 11/27 MP: 2/4
  1093 | D:2      | Reached skill level 3 in Maces & Flails
  1362 | D:2      | Found a basalt altar of Yredelemnul.
  1371 | D:2      | Became a worshipper of Yredelemnul the Dark
  1638 | D:3      | Reached XP level 4. HP: 21/33 MP: 5/5
  1916 | D:2      | Reached skill level 4 in Maces & Flails
  2336 | D:3      | Gained mutation: You may rarely emit foul miasma when
                  | damaged in melee. [demonic ancestry]
  2336 | D:3      | Reached XP level 5. HP: 29/38 MP: 6/6
  2889 | D:4      | Noticed a phantom
  2934 | D:4      | Noticed an ogre
  3064 | D:4      | Killed an ogre
  3065 | D:4      | Reached skill level 5 in Maces & Flails
  3101 | D:4      | Gained mutation: You sometimes emit foul miasma when
                  | damaged in melee. [demonic ancestry]
  3101 | D:4      | Reached XP level 6. HP: 40/44 MP: 7/7
  3108 | D:4      | Reached * piety under Yredelemnul
  3139 | D:4      | Found a burning altar of Makhleb.
  3151 | D:4      | Reached skill level 6 in Maces & Flails
  3197 | D:4      | Reached skill level 3 in Fighting
  3228 | D:4      | Reached ** piety under Yredelemnul
  3606 | D:4      | Identified the amulet "Siwko" {RegenMP rN+ Regen+ SInv}
  3653 | D:5      | Entered Level 5 of the Dungeon
  3743 | D:5      | Reached skill level 4 in Fighting
  3743 | D:5      | Reached XP level 7. HP: 41/54 MP: 8/8
  3851 | D:5      | Reached skill level 3 in Invocations
  3855 | D:5      | Reached skill level 4 in Invocations
  3924 | D:5      | Found an opulent altar of Gozag.
  4449 | D:6      | Slain by a wight

Vanquished Creatures
  2 ogres (D:4)
  A centaur (D:5)
  A phantom (D:4)
  A jelly (D:5)
  2 orc priests
  An iguana (D:5)
  2 orc wizards
  4 adders
  An ufetubus (D:5)
  2 worms
  4 dart slugs
  11 orcs
  3 bats
  5 endoplasms
  4 giant cockroaches
  8 goblins
  11 hobgoblins
  4 jackals (D:3)
  5 quokkas
  6 ball pythons
  2 frilled lizards
  9 kobolds
  7 rats
96 creatures vanquished.

Vanquished Creatures (collateral kills)
  A bullfrog (D:5)
  A worm (D:5)
  4 orcs
  A giant cockroach (D:4)
  4 jackals
11 creatures vanquished.

Vanquished Creatures (others)
  A jelly zombie (D:5)
  4 orc zombies
  A giant cockroach zombie (D:4)
  3 goblin zombies
  2 hobgoblin zombies (D:3)
  4 jackal zombies
  6 foxfires
21 creatures vanquished.

Grand Total: 128 creatures vanquished

Table legend: (Time is in decaauts)
 A = Elapsed time spent in this place.
 B = Non-inter-level travel time spent in this place.
 C = Inter-level travel time spent in this place.
 D = Time resting spent in this place.
 E = Time spent auto-exploring this place.
 F = Levels seen in this place.
 G = Mean time per level.
                   A        B        C        D        E       F      G
               +--------+--------+--------+--------+--------+-----+--------+
         Total |   4537 |   4325 |    212 |    472 |   2879 |   6 |  756.2 |
       Dungeon |   4537 |   4325 |    212 |    472 |   2879 |   6 |  756.2 |
               +--------+--------+--------+--------+--------+-----+--------+

Top non-repeatable levels by time:
     D:3: 1287 daAuts
     D:1: 1118 daAuts
     D:5: 787 daAuts
     D:2: 732 daAuts
     D:4: 600 daAuts
     D:6: 11 daAuts

Table legend:
 A = Non-vault XP
 B = Vault XP
 C = Vault XP percentage of total XP
 D = Non-vault monster count
 E = Vault monster count
 F = Vault count percentage of total count
                 A         B        C        D         E       F
            +---------+---------+-------+---------+---------+-------
      Total |    1017 |      20 |   1.9 |      98 |       9 |   8.4
            +---------+---------+-------+---------+---------+-------
        D:1 |      50 |       2 |   3.8 |      22 |       2 |   8.3
        D:2 |      33 |       0 |   0.0 |      17 |       0 |   0.0
        D:3 |     132 |      18 |  12.0 |      23 |       7 |  23.3
        D:4 |     480 |       0 |   0.0 |      20 |       0 |   0.0
        D:5 |     322 |       0 |   0.0 |      16 |       0 |   0.0
            +---------+---------+-------+---------+---------+-------
